[Event "Titled Tuesday Blitz March 07 Late 2023"]
[White "Ozates, Tuna"]
[Black "Gatterer, Florian"]
[WhiteFideId "6354521"]
[BlackFideId "811688"]
[WhiteElo "2151"]
[BlackElo "2221"]
[Result "1-0"]
[Round "04"]
[TimeControl "180+2"]
[Date "2023.03.07"]
[WhiteClock "0:00:38"]
[BlackClock "0:00:08"]

1. e4 c5 2. Nf3 e6 3. d4 cxd4 4. Nxd4 Nf6 5. Nc3 Nc6 6. Be2 Bb4 7. O-O Nxe4 8. Nxe4 d5 9. Nxc6 bxc6 10. Ng3 O-O 11. c3 Bd6 12. f4 g6 13. Be3 a5 14. Kh1 Qc7 15. Bd3 a4 16. h4 f5 17. h5 Rb8 18. Qe2 Rf7 19. h6 g5 20. Nh5 g4 21. Bd4 Qd8 22. g3 Bf8 23. Bg7 Bxg7 24. hxg7 c5 25. Rae1 d4 26. Bc4 Rb6 27. Qf2 Qe8 28. Re5 Bb7+ 29. Kg1 Rxg7 30. Nf6+ Kf7 31. Nxe8 Kxe8 32. Rfe1 dxc3 33. Rxe6+ Rxe6 34. Rxe6+ Kd8 35. bxc3 Rc7 36. Qd2+ Kc8 37. Re8# 1-0


[Site "https://www.chess.com"]

[Event "Titled Tuesday Blitz March 07 Late 2023"]
[White "Dodaro, Mattia"]
[Black "Gubajdullin, Alexei"]
[WhiteFideId "28583400"]
[BlackFideId "4141202"]
[WhiteElo "2398"]
[BlackElo "2267"]
[Result "0-1"]
[Round "04"]
[TimeControl "180+2"]
[Date "2023.03.07"]
[WhiteClock "0:00:01"]
[BlackClock "0:00:49"]

1. d4 Nf6 2. g3 g6 3. Bg2 Bg7 4. e4 O-O 5. Ne2 d5 6. e5 Ne8 7. O-O f6 8. Nbc3 c6 9. f4 Nc7 10. Kh1 Bf5 11. h3 h5 12. Ng1 fxe5 13. fxe5 Qd7 14. Bg5 Nba6 15. Kh2 Rad8 16. Bf3 c5 17. g4 hxg4 18. hxg4 Be6 19. Nh3 Nb4 20. a3 cxd4 21. Qxd4 Nxc2 22. Qd3 Nxa1 23. Qxg6 Bf7 24. Qd3 Bxe5+ 25. Kg2 Nb3 26. Bh6 Nc5 27. Qc2 Qd6 28. Bxf8 Rxf8 29. Ng5 Bg6 30. Qf2 Bf6 31. Qh4 N5e6 32. Qh6 Bd3 33. Rh1 Nxg5 34. Be2 Bh7 35. Rh5 Qe5 0-1


[Site "https://www.chess.com"]

[Event "Titled Tuesday Blitz March 07 Late 2023"]
[White "Silva, Caio Henrique Angelico"]
[Black "Martin Carmona, Gaston Manuel"]
[WhiteFideId "22777210"]
[BlackFideId "22284567"]
[WhiteElo "2096"]
[BlackElo "2245"]
[Result "0-1"]
[Round "04"]
[TimeControl "180+2"]
[Date "2023.03.07"]
[WhiteClock "0:02:07"]
[BlackClock "0:02:17"]

1. d4 Nf6 2. c4 e6 3. g3 c5 4. d5 exd5 5. cxd5 g6 6. Nc3 Bg7 7. Bg2 d6 8. Nf3 O-O 9. O-O a6 10. a4 Nbd7 11. Nd2 Re8 12. Nc4 Ne5 13. Nxe5 Rxe5 14. Bf4 Rh5 15. a5 Bh3 16. Qb3 Qd7 17. Qa4 Qc8 18. Bxd6 Bxg2 19. Kxg2 Qh3+ 20. Kf3 Rf5+ 21. Bf4 g5 22. e4 Rxf4+ 23. Ke2 Qh5+ 24. f3 Qxh2+ 25. Rf2 Qxg3 26. Qb3 Ng4 27. Raf1 Nxf2 28. Rxf2 Bd4 0-1


[Site "https://www.chess.com"]

[Event "Titled Tuesday Blitz March 07 Late 2023"]
[White "Seletsky, Grigory"]
[Black "Moral Garcia, Serafin"]
[WhiteFideId "14112191"]
[BlackFideId "2201925"]
[WhiteElo "2490"]
[BlackElo "2254"]
[Result "1-0"]
[Round "04"]
[TimeControl "180+2"]
[Date "2023.03.07"]
[WhiteClock "0:01:32"]
[BlackClock "0:01:06"]

1. e4 c5 2. Nc3 e6 3. Nf3 Nc6 4. Bb5 Nd4 5. Bd3 Nc6 6. O-O Nf6 7. Re1 d5 8. Bb5 d4 9. Nb1 Bd7 10. d3 Be7 11. Nbd2 a6 12. Bxc6 Bxc6 13. Ne5 Qc7 14. Nxc6 Qxc6 15. a4 O-O 16. a5 Nd7 17. Nc4 Bd8 18. b3 Bc7 19. f4 f5 20. e5 Kh8 21. Qf3 Qxf3 22. gxf3 h6 23. Kf2 g6 24. Bd2 Rg8 25. h4 Bd8 26. Rh1 Rg7 27. Rab1 Be7 28. b4 cxb4 29. Bxb4 Bxb4 30. Rxb4 Nc5 31. Nd6 Rag8 32. Rxd4 Rh7 33. Rc4 Nd7 34. Rc7 Nf8 35. Rxh7+ Kxh7 36. Rb1 g5 37. Rxb7+ Kh8 38. hxg5 hxg5 39. Nf7+ Kh7 40. Nxg5+ Kh6 41. Ke3 1-0


[Site "https://www.chess.com"]

[Event "Titled Tuesday Blitz March 07 Late 2023"]
[White "Fernandez Garcia, Gumersindo"]
[Black "Bach, Matthias"]
[WhiteFideId "24516740"]
[BlackFideId "4603168"]
[WhiteElo "2093"]
[BlackElo "2165"]
[Result "0-1"]
[Round "04"]
[TimeControl "180+2"]
[Date "2023.03.07"]
[WhiteClock "0:00:07"]
[BlackClock "0:00:40"]

1. e4 e5 2. Nf3 Nc6 3. d4 exd4 4. Bc4 Nf6 5. e5 d5 6. Bb5 Ne4 7. O-O Bc5 8. Nxd4 Bd7 9. Bxc6 bxc6 10. c3 Qe7 11. f4 f6 12. exf6 Qxf6 13. Be3 O-O 14. Nd2 Rae8 15. Nxe4 Rxe4 16. Qd2 Rfe8 17. Rae1 Bb6 18. b4 c5 19. Nf3 Rxe3 20. Rxe3 Rxe3 21. Qxd5+ Qe6 22. Qa8+ Qe8 23. Qd5+ Be6 24. Qg5 cxb4 25. Kh1 bxc3 26. f5 Bf7 27. f6 Bg6 28. fxg7 c2 29. h4 Qe7 30. Qd5+ Kxg7 31. h5 Be4 32. Qd2 Bxf3 33. gxf3 Qh4+ 34. Kg2 Qg5+ 35. Kh1 Qxh5+ 36. Kg2 Qg5+ 37. Kh1 Re5 38. f4 Qh4+ 39. Kg2 Qg4+ 40. Kh1 Rh5+ 0-1


[Site "https://www.chess.com"]

[Event "Titled Tuesday Blitz March 07 Late 2023"]
[White "Stead, Kerry"]
[Black "Carbone, Diego"]
[WhiteFideId "3202577"]
[BlackFideId "3002179"]
[WhiteElo "1997"]
[BlackElo "2266"]
[Result "0-1"]
[Round "04"]
[TimeControl "180+2"]
[Date "2023.03.07"]
[WhiteClock "0:00:31"]
[BlackClock "0:01:26"]

1. d4 Nf6 2. f3 d5 3. e4 dxe4 4. Nc3 exf3 5. Nxf3 Bg4 6. h3 Bxf3 7. Qxf3 c6 8. Qf2 e6 9. Bg5 Be7 10. Bd3 Nbd7 11. O-O h6 12. Qh4 Rg8 13. Bd2 Qb6 14. Ne2 O-O-O 15. Qf2 c5 16. Be3 cxd4 17. Nxd4 Bc5 18. c3 Ne5 19. Be2 Nd5 20. Rfd1 Nxe3 21. Qxe3 Nc6 0-1


[Site "https://www.chess.com"]

[Event "Titled Tuesday Blitz March 07 Late 2023"]
[White "Clarke, Brandon G I"]
[Black "Avalos Parra, Joao"]
[WhiteFideId "400319"]
[BlackFideId "3402541"]
[WhiteElo "2414"]
[BlackElo "2173"]
[Result "1-0"]
[Round "04"]
[TimeControl "180+2"]
[Date "2023.03.07"]
[WhiteClock "0:01:26"]
[BlackClock "0:02:24"]

1. e4 e5 2. Nf3 Nc6 3. Bb5 a6 4. Ba4 Nf6 5. O-O b5 6. Bb3 Bc5 7. c3 d6 8. a4 Rb8 9. d4 Bb6 10. axb5 axb5 11. Na3 b4 12. Nc4 exd4 13. cxd4 O-O 14. Nxb6 Rxb6 15. Be3 Rb8 16. h3 Re8 17. Qc2 Bb7 18. Ba4 Ne7 19. Bxe8 Bxe4 20. Bxf7+ Kxf7 21. Ng5+ 1-0


[Site "https://www.chess.com"]

[Event "Titled Tuesday Blitz March 07 Late 2023"]
[White "Boyer, Mahel"]
[Black "Kielinkei"]
[WhiteFideId "45102422"]
[WhiteElo "2439"]
[BlackElo "2407"]
[Result "1-0"]
[Round "04"]
[TimeControl "180+2"]
[Date "2023.03.07"]
[WhiteClock "0:01:14"]
[BlackClock "0:00:15"]

1. d4 Nf6 2. Nf3 e6 3. g3 c5 4. Bg2 Nc6 5. O-O cxd4 6. Nxd4 Bc5 7. Nb3 Be7 8. c4 O-O 9. Nc3 d6 10. Nd4 Qc7 11. b3 a6 12. Bb2 Bd7 13. Rc1 Nxd4 14. Qxd4 Bc6 15. Nd5 Qd8 16. Nxe7+ Qxe7 17. Bxc6 bxc6 18. Rfd1 Rfd8 19. Qb6 c5 20. Bxf6 gxf6 21. Rc3 Rab8 22. Qa5 Qb7 23. Rcd3 Qc6 24. Qc3 f5 25. Qf6 Qe4 26. Qg5+ Kh8 27. Qf6+ Kg8 28. e3 1-0


[Site "https://www.chess.com"]

[Event "Titled Tuesday Blitz March 07 Late 2023"]
[White "Bitoon, Richard"]
[Black "Miszler, Levente"]
[WhiteFideId "5201110"]
[BlackFideId "763276"]
[WhiteElo "2374"]
[BlackElo "2176"]
[Result "1-0"]
[Round "04"]
[TimeControl "180+2"]
[Date "2023.03.07"]
[WhiteClock "0:00:18"]
[BlackClock "0:00:01"]

1. e4 e6 2. d4 d5 3. Nd2 f5 4. exf5 exf5 5. Ngf3 Nf6 6. Bd3 Bd6 7. Ne5 O-O 8. O-O c5 9. c4 cxd4 10. Ndf3 Qc7 11. Re1 Ne4 12. Bf4 Nc6 13. Nxc6 Bxf4 14. Ncxd4 dxc4 15. Bxe4 fxe4 16. Rxe4 Bg4 17. Ne6 Bxe6 18. Rxe6 Rad8 19. Qe2 c3 20. bxc3 Qxc3 21. Re1 Qa3 22. Re7 b6 23. Qe6+ Kh8 24. Qg4 Bh6 25. h4 Qxa2 26. R1e2 Qa1+ 27. Kh2 Qa3 28. R2e6 Rf4 29. Re8+ Rxe8 30. Rxe8+ Rf8 31. Qc8 Qd6+ 32. g3 Kg8 33. Qc4+ Kh8 34. Qf7 g6 35. Ng5 Bg7 36. Ne6 Qxe6 37. Rxf8+ Bxf8 38. Qxe6 Bg7 39. Qe8+ 1-0


[Site "https://www.chess.com"]

[Event "Titled Tuesday Blitz March 07 Late 2023"]
[White "Meunier-Pion, Jean"]
[Black "Rastbod, Ali"]
[WhiteFideId "20685327"]
[BlackFideId "12567477"]
[WhiteElo "2124"]
[BlackElo "2211"]
[Result "0-1"]
[Round "04"]
[TimeControl "180+2"]
[Date "2023.03.07"]
[WhiteClock "0:00:02"]
[BlackClock "0:00:25"]

1. e4 c6 2. d4 d5 3. e5 c5 4. dxc5 e6 5. a3 Bxc5 6. b4 Be7 7. f4 Nh6 8. Nf3 a5 9. b5 Bc5 10. Nd4 O-O 11. Be3 b6 12. Bd3 f6 13. O-O fxe5 14. fxe5 Rxf1+ 15. Qxf1 Nd7 16. Kh1 Nxe5 17. Nd2 Nhg4 18. Bg1 Bd7 19. N2f3 Nxd3 20. Qxd3 Qf6 21. Rf1 Qg6 22. Qxg6 hxg6 23. h3 e5 24. hxg4 exd4 25. Bxd4 Bxg4 26. Bxc5 bxc5 27. Ne5 Bf5 28. b6 Rb8 29. Rb1 Bxc2 30. Rb2 Ba4 31. b7 c4 32. Rb1 c3 33. Nd3 Bc2 34. Rc1 Bxd3 35. Rxc3 Bf5 36. Rc7 d4 37. Kg1 Kh7 38. Kf2 Be4 39. g4 Rxb7 40. Rc4 Rb2+ 41. Kg3 g5 42. Rxd4 Rb3+ 43. Kf2 Bg6 44. Rd5 Rxa3 45. Rxg5 a4 46. Ra5 Ra1 47. g5 a3 48. Kg2 a2 49. Kh2 Bf7 50. g6+ Kxg6 51. Kg2 Rb1 52. Ra6+ Kh7 0-1


[Site "https://www.chess.com"]

[Event "Titled Tuesday Blitz March 07 Late 2023"]
[White "Sochacki, Christophe"]
[Black "Bouget, Alexandre"]
[WhiteFideId "662569"]
[BlackFideId "681318"]
[WhiteElo "2474"]
[BlackElo "2177"]
[Result "1/2-1/2"]
[Round "04"]
[TimeControl "180+2"]
[Date "2023.03.07"]
[WhiteClock "0:00:05"]
[BlackClock "0:00:15"]

1. b3 e5 2. Bb2 Nc6 3. e3 d6 4. d4 g6 5. dxe5 Bg7 6. Nf3 Nxe5 7. Nxe5 Bxe5 8. Bxe5 dxe5 9. Qxd8+ Kxd8 10. Na3 Be6 11. O-O-O+ Ke7 12. Nb5 c6 13. Nc7 Rc8 14. Nxe6 Kxe6 15. Bc4+ Ke7 16. Rd2 Nf6 17. Rhd1 Rhd8 18. Rxd8 Rxd8 19. Rxd8 Kxd8 20. Bxf7 Ng4 21. h3 Nxf2 22. Bg8 h6 23. Bh7 g5 24. Kd2 Nh1 25. g4 Ke7 26. Ke2 h5 27. Kf3 h4 28. Bd3 Kf6 29. a4 b6 30. b4 c5 31. bxc5 bxc5 32. Ke4 Nf2+ 33. Kf3 Nh1 34. a5 Ke6 35. a6 Kd5 36. Be4+ Kc4 37. Bd3+ Kd5 38. c4+ Kc6 39. Be4+ Kb6 40. Bb7 Ng3 41. Kf2 e4 42. Ke1 Ka5 43. Kd2 Kb4 44. Bd5 Ka5 45. Bb7 Kb4 46. Bd5 Ka5 47. Bb7 1/2-1/2


[Site "https://www.chess.com"]

[Event "Titled Tuesday Blitz March 07 Late 2023"]
[White "Rytenko, Vsevolod"]
[Black "Davidson, Kevin"]
[WhiteFideId "14133040"]
[BlackFideId "2056810"]
[WhiteElo "2262"]
[BlackElo "2151"]
[Result "1-0"]
[Round "04"]
[TimeControl "180+2"]
[Date "2023.03.07"]
[WhiteClock "0:00:27"]
[BlackClock "0:00:01"]

1. e4 c5 2. Nf3 d6 3. d4 cxd4 4. Nxd4 Nf6 5. Nc3 a6 6. Bg5 e6 7. f4 Be7 8. Qf3 h6 9. Bh4 Qc7 10. O-O-O Nbd7 11. f5 Ne5 12. Qg3 g5 13. fxg6 fxg6 14. Bxf6 Bxf6 15. Be2 O-O 16. h4 Qe7 17. Kb1 Bd7 18. h5 g5 19. Nf3 Rac8 20. Rd2 Rxc3 21. bxc3 Rc8 22. Rhd1 Nxf3 23. gxf3 Bxc3 24. Qxd6 Qxd6 25. Rxd6 Ba4 26. Rxe6 Bg7 27. Bd3 Rc5 28. Rb6 Bc6 29. Kc1 Bd4 30. Rb4 Be3+ 31. Kb1 a5 32. Rc4 Rb5+ 33. Ka1 Rb6 34. c3 Bf4 35. Rb1 Rxb1+ 36. Kxb1 Kf7 37. Kc2 Ke6 38. a4 Ke5 39. Rc5+ Kd6 40. Rc4 Be8 41. Rd4+ Kc7 42. Bb5 Bxh5 43. Rc4+ 1-0


[Site "https://www.chess.com"]

[Event "Titled Tuesday Blitz March 07 Late 2023"]
[White "Senft, Sean"]
[Black "Zhu, Jiner"]
[WhiteFideId "2044960"]
[BlackFideId "8608059"]
[WhiteElo "1989"]
[BlackElo "2384"]
[Result "0-1"]
[Round "04"]
[TimeControl "180+2"]
[Date "2023.03.07"]
[WhiteClock "0:00:04"]
[BlackClock "0:00:08"]

1. e4 e5 2. Nf3 Nc6 3. Bb5 a6 4. Ba4 d6 5. O-O Bd7 6. c3 g6 7. d4 Bg7 8. Bg5 f6 9. Bh4 Qe7 10. Nbd2 Nh6 11. Bb3 Nf7 12. Nc4 g5 13. Bg3 h5 14. h4 O-O-O 15. Ne3 Rdf8 16. Nd5 Qe8 17. Bc4 g4 18. Nd2 exd4 19. cxd4 Nxd4 20. Rc1 Bc6 21. Nb3 Nxb3 22. Qxb3 Ne5 23. Bxe5 fxe5 24. Qa3 Bxd5 25. Bxd5 Bh6 26. Rc3 Rh7 27. Rb3 c5 28. Rb6 Qd8 29. Qb3 g3 30. f3 Rc7 31. Rd1 Qe7 32. Bc4 Bf4 33. Rbxd6 Qxh4 34. Qd3 Qh2+ 35. Kf1 Qh1+ 36. Ke2 Qxg2+ 37. Ke1 Qf2# 0-1


[Site "https://www.chess.com"]

[Event "Titled Tuesday Blitz March 07 Late 2023"]
[White "Garcia Almaguer, Juan Manuel"]
[Black "Ashraf, Artin"]
[WhiteFideId "5110491"]
[BlackFideId "22514805"]
[WhiteElo "2117"]
[BlackElo "2188"]
[Result "0-1"]
[Round "04"]
[TimeControl "180+2"]
[Date "2023.03.07"]
[WhiteClock "0:00:18"]
[BlackClock "0:00:55"]

1. e4 c5 2. Nf3 d6 3. d4 cxd4 4. Nxd4 Nf6 5. Nc3 a6 6. Be3 e5 7. Nb3 Be6 8. Be2 b5 9. Nd5 Nbd7 10. Bg5 Be7 11. Nxe7 Qxe7 12. Bd3 O-O 13. h4 h6 14. Be3 d5 15. exd5 Bxd5 16. Rh3 a5 17. Rg3 Kh8 18. Qd2 Nh5 19. Bxb5 Nxg3 20. Qxd5 Nf6 21. Qc4 Nge4 22. O-O-O Rfc8 23. Qa4 Qc7 24. Na1 Nc5 25. Qa3 Ne6 26. Bd3 e4 27. Be2 Nf4 28. Bf1 N4d5 29. Bd4 Rab8 30. Nb3 Qxc2# 0-1


[Site "https://www.chess.com"]

[Event "Titled Tuesday Blitz March 07 Late 2023"]
[White "Hjartarson, Johann"]
[Black "Carrasco Miranda, Andres"]
[WhiteFideId "2300044"]
[BlackFideId "3405990"]
[WhiteElo "2416"]
[BlackElo "2183"]
[Result "1-0"]
[Round "04"]
[TimeControl "180+2"]
[Date "2023.03.07"]
[WhiteClock "0:00:27"]
[BlackClock "0:00:04"]

1. c4 Nf6 2. g3 g6 3. Bg2 Bg7 4. Nc3 O-O 5. d4 d6 6. Nf3 Nc6 7. O-O Bf5 8. d5 Na5 9. Nd2 c5 10. e4 Bg4 11. Qc2 Rb8 12. b3 a6 13. a4 Bd7 14. Bb2 e5 15. Nd1 b5 16. axb5 axb5 17. f4 Ng4 18. h3 Nh6 19. fxe5 dxe5 20. Nf3 bxc4 21. bxc4 Rxb2 22. Nxb2 f5 23. Nd2 Nb7 24. Ra3 Nd6 25. Nd3 fxe4 26. Rxf8+ Bxf8 27. Nf2 Nhf5 28. Ndxe4 Nd4 29. Qa2 Nxe4 30. Nxe4 Bf5 31. Ra8 Qb6 32. Ng5 Kg7 33. Qa7+ Qxa7 34. Rxa7+ Kh6 35. Nf7+ Kg7 36. Nxe5+ Kf6 37. Rf7+ Kxe5 38. Rxf8 Bd3 39. Bf1 Be4 40. Kf2 g5 41. g4 h6 42. Re8+ Kf4 43. d6 Bc6 44. Re7 Nb3 45. d7 Bxd7 46. Rxd7 Nd4 47. Bd3 Ne6 48. Re7 Nd4 49. Re4# 1-0


[Site "https://www.chess.com"]

[Event "Titled Tuesday Blitz March 07 Late 2023"]
[White "Haydon, David L"]
[Black "Guzman Moneo, Alberto"]
[WhiteFideId "415405"]
[BlackFideId "2209616"]
[WhiteElo "2326"]
[BlackElo "2157"]
[Result "1/2-1/2"]
[Round "04"]
[TimeControl "180+2"]
[Date "2023.03.07"]
[WhiteClock "0:02:01"]
[BlackClock "0:00:58"]

1. c4 e5 2. Nc3 Bb4 3. g3 Bxc3 4. bxc3 c5 5. Bg2 d6 6. d3 Nc6 7. e4 f5 8. Ne2 Nf6 9. exf5 Bxf5 10. h3 O-O 11. g4 Bg6 12. O-O Kh8 13. f4 exf4 14. Nxf4 Bf7 15. Rb1 Rb8 16. g5 Nd7 17. Qg4 Nde5 18. Qh4 Ng6 19. Qg3 Nxf4 20. Bxf4 Ne5 21. Bxe5 dxe5 22. Rxb7 Rxb7 23. Bxb7 Bg6 24. Rxf8+ Qxf8 25. Be4 Bxe4 26. dxe4 Qd6 27. Qf2 Kg8 28. h4 a5 29. h5 Qd1+ 30. Kg2 Qxh5 31. Qf5 Qe2+ 32. Kh3 Qe3+ 33. Kg4 Qe2+ 34. Kh4 Qe1+ 35. Kh3 Qe3+ 36. Kg4 Qe2+ 37. Kh4 Qh2+ 38. Kg4 Qg2+ 39. Kh4 Qh2+ 40. Kg4 Qg2+ 41. Kh4 Qh2+ 1/2-1/2


[Site "https://www.chess.com"]

[Event "Titled Tuesday Blitz March 07 Late 2023"]
[White "Pfreundt, Jakob"]
[Black "Needleman, Gaston"]
[WhiteFideId "12918156"]
[BlackFideId "113735"]
[WhiteElo "2318"]
[BlackElo "2382"]
[Result "1-0"]
[Round "04"]
[TimeControl "180+2"]
[Date "2023.03.07"]
[WhiteClock "0:00:10"]
[BlackClock "0:00:15"]

1. Nf3 Nf6 2. g3 g6 3. Bg2 Bg7 4. O-O O-O 5. d4 d6 6. Nc3 d5 7. Re1 c6 8. e4 dxe4 9. Nxe4 Nxe4 10. Rxe4 Nd7 11. Re1 Nf6 12. c3 a5 13. a4 Re8 14. Qb3 b6 15. Ne5 Be6 16. Qd1 Bd5 17. Nxc6 Qd6 18. Ne5 Bxg2 19. Kxg2 Nd7 20. Bf4 Nxe5 21. Bxe5 Bxe5 22. Rxe5 e6 23. Qb3 Qc6+ 24. Kg1 h5 25. h4 Kh7 26. Rae1 Rg8 27. Qb5 Qxb5 28. Rxb5 Ra6 29. d5 exd5 30. Re7 Kg7 31. Rxd5 Raa8 32. Rdd7 Rgf8 33. Rb7 Rad8 34. Rxb6 Rd1+ 35. Kg2 Ra1 36. b3 Rc1 37. c4 Rc2 38. Rbb7 Rc3 39. Rec7 Kf6 40. c5 Ke6 41. Rb6+ Kd5 42. Rd6+ Ke5 43. Ra6 f5 44. Rxa5 f4 45. Re7+ Kd4 46. Rd7+ Ke4 47. Re7+ Kd4 48. gxf4 Rxf4 49. Rd7+ Ke4 50. Re7+ Kd3 51. Re3+ Kd4 52. Rxc3 Kxc3 53. c6 Rf6 54. Rc5+ Kd4 55. Rc4+ Kd5 56. c7 Rc6 57. Rxc6 Kxc6 58. c8=Q+ 1-0


[Site "https://www.chess.com"]

[Event "Titled Tuesday Blitz March 07 Late 2023"]
[White "Van Dael, Siem"]
[Black "Lewicki, Miroslaw"]
[WhiteFideId "1049771"]
[BlackFideId "1113380"]
[WhiteElo "2336"]
[BlackElo "2212"]
[Result "0-1"]
[Round "04"]
[TimeControl "180+2"]
[Date "2023.03.07"]
[WhiteClock "0:00:20"]
[BlackClock "0:02:23"]

1. e4 c5 2. Nf3 d6 3. d4 cxd4 4. Nxd4 Nf6 5. Nc3 a6 6. Be3 e5 7. Nb3 Be7 8. f3 O-O 9. Qd2 Be6 10. O-O-O a5 11. a4 Nc6 12. Bb5 Nb4 13. Qf2 d5 14. Bb6 Qc8 15. Nc5 d4 16. Nxe6 Qxe6 17. Bxd4 exd4 18. Qxd4 Rac8 19. Kb1 Rxc3 20. Qxc3 Qa2+ 21. Kc1 Nxe4 0-1


[Site "https://www.chess.com"]

[Event "Titled Tuesday Blitz March 07 Late 2023"]
[White "Aggelis, Nikolaos"]
[Black "Figorito, Nick"]
[WhiteFideId "4213220"]
[BlackFideId "30923689"]
[WhiteElo "2189"]
[BlackElo "2378"]
[Result "1/2-1/2"]
[Round "04"]
[TimeControl "180+2"]
[Date "2023.03.07"]
[WhiteClock "0:00:23"]
[BlackClock "0:00:28"]

1. d4 Nf6 2. g3 g6 3. Bg2 d5 4. Nf3 Bg7 5. O-O O-O 6. c4 dxc4 7. Na3 c3 8. bxc3 c5 9. Bb2 cxd4 10. cxd4 Nc6 11. Nc4 Bf5 12. Nfe5 Be4 13. Nxc6 Bxc6 14. Bxc6 bxc6 15. Ba3 Re8 16. e3 Qd5 17. Rc1 Ne4 18. Qc2 Ng5 19. e4 Qxe4 20. Qxe4 Nxe4 21. Ne5 Bxe5 22. dxe5 Rac8 23. Bc5 Nxc5 24. Rxc5 Rc7 25. Rfc1 Rec8 26. f4 h5 27. Kf2 Kf8 28. Ke3 Ke8 29. R1c3 Kd7 30. Ke4 Rb7 31. Ra3 Rcc7 32. Rca5 Ke6 33. Ra6 Rb4+ 34. Kf3 Rbb7 35. h3 f6 36. exf6 exf6 37. g4 hxg4+ 38. hxg4 Kf7 39. Ke4 Rb4+ 40. Kf3 Rbb7 41. Ke4 Rb4+ 42. Ke3 Rbb7 43. R3a4 Ke7 44. Kd4 Kd7 45. Kc3 Ke7 46. Kc2 Kd7 47. Ra3 Ke7 48. Rh3 Ke6 49. Rh6 Kf7 50. Rh7+ Ke6 51. Rh8 g5 52. fxg5 fxg5 53. Rh6+ Ke5 54. Rhxc6 Rxc6+ 55. Rxc6 Kf4 56. Rc4+ Kg3 57. Ra4 Kh4 58. Kd3 Kg3 59. Ke3 Re7+ 60. Kd3 Rc7 61. a3 Rb7 62. Ke3 Re7+ 63. Kd3 Rd7+ 64. Kc3 Rc7+ 65. Kd2 Rd7+ 66. Ke1 Re7+ 67. Kf1 Rf7+ 68. Kg1 Rb7 69. Kf1 Rf7+ 70. Ke2 Re7+ 71. Kd3 Rd7+ 72. Ke2 Re7+ 73. Kd2 Rd7+ 74. Ke2 Re7+ 1/2-1/2


[Site "https://www.chess.com"]

[Event "Titled Tuesday Blitz March 07 Late 2023"]
[White "Di Berardino, Diego Rafael"]
[Black "Rios Escobar, Adan"]
[WhiteFideId "2105446"]
[BlackFideId "3403645"]
[WhiteElo "2432"]
[BlackElo "2376"]
[Result "1-0"]
[Round "04"]
[TimeControl "180+2"]
[Date "2023.03.07"]
[WhiteClock "0:01:16"]
[BlackClock "0:00:57"]

1. d4 Nf6 2. Nf3 g6 3. g3 c5 4. c3 Bg7 5. Bg2 O-O 6. O-O cxd4 7. cxd4 d5 8. Ne5 Nc6 9. Nxc6 bxc6 10. Nc3 Bf5 11. Bf4 Qd7 12. Rc1 Bh3 13. Na4 Bxg2 14. Kxg2 Rfc8 15. Nc5 Qf5 16. Qc2 Qh5 17. h3 h6 18. Qd3 g5 19. Be5 Ne8 20. g4 Qg6 21. Qxg6 fxg6 22. Bxg7 Kxg7 23. Rc3 Nd6 24. Rfc1 Nb5 25. Rd3 Kf6 26. b3 a5 27. a4 Nd6 28. Re3 Rc7 29. Rcc3 h5 30. Re6+ Kf7 31. Rf3+ Ke8 32. Rxg6 Kd8 33. Rg8+ Ne8 34. Rff8 1-0


[Site "https://www.chess.com"]

[Event "Titled Tuesday Blitz March 07 Late 2023"]
[White "Suarez Uriel, Adrian"]
[Black "Lewtak, Damian"]
[WhiteFideId "22230874"]
[BlackFideId "1141724"]
[WhiteElo "2331"]
[BlackElo "2302"]
[Result "0-1"]
[Round "04"]
[TimeControl "180+2"]
[Date "2023.03.07"]
[WhiteClock "0:01:01"]
[BlackClock "0:00:12"]

1. e4 c5 2. Nf3 d6 3. d4 cxd4 4. Nxd4 Nf6 5. Nc3 Nc6 6. Bg5 e6 7. Qd2 a6 8. Nxc6 bxc6 9. O-O-O Be7 10. h4 d5 11. Qe3 Qc7 12. exd5 cxd5 13. h5 Ng4 14. Qd2 h6 15. Bxe7 Qxe7 16. f3 Nf6 17. g4 Bb7 18. Bd3 Nd7 19. Rhg1 Qb4 20. Kb1 d4 21. Ne4 Qxd2 22. Rxd2 Ke7 23. f4 Rad8 24. Re2 Bxe4 25. Rxe4 Nc5 26. Re5 Kd6 27. Rge1 f6 28. R5e2 Rhe8 29. a3 a5 30. Bg6 Re7 31. Rd1 e5 32. c3 Ne6 33. fxe5+ fxe5 34. cxd4 Nxd4 35. Rf2 Rb8 36. Ka2 Reb7 37. Be4 Rc7 38. Rdf1 Rbc8 39. Rf7 Rxf7 40. Rxf7 Rc7 41. Rf8 Ne6 42. Ra8 Nc5 43. Bc2 e4 44. Rxa5 e3 45. Bd1 Rf7 46. b4 Rf2+ 47. Kb1 Ne4 48. Ra6+ Kc7 49. Kc1 e2 50. Bxe2 Rxe2 51. Rxh6 gxh6 0-1


[Site "https://www.chess.com"]

[Event "Titled Tuesday Blitz March 07 Late 2023"]
[White "Averjanov, Alexey"]
[Black "Harriott, Tyrell"]
[WhiteFideId "14109867"]
[BlackFideId "2086484"]
[WhiteElo "2593"]
[BlackElo "2107"]
[Result "0-1"]
[Round "04"]
[TimeControl "180+2"]
[Date "2023.03.07"]
[WhiteClock "0:00:20"]
[BlackClock "0:00:25"]

1. d4 e6 2. c4 d5 3. Nf3 c6 4. e3 Bd6 5. g3 f5 6. Bg2 Nf6 7. O-O Nbd7 8. b3 Qe7 9. a4 Ne4 10. Ba3 Bxa3 11. Nxa3 O-O 12. Nc2 b6 13. Nce1 Bb7 14. Nd3 c5 15. cxd5 exd5 16. Rc1 Rfc8 17. Nde5 Rc7 18. Nxd7 Qxd7 19. Ne5 Qe7 20. Qe2 Rac8 21. Rc2 c4 22. bxc4 dxc4 23. Rfc1 Bd5 24. Nxc4 Qb4 25. Na3 Rxc2 26. Rxc2 Rxc2 27. Nxc2 Qxa4 28. f3 Nd6 29. Kf2 Bc4 30. Qd2 Qa2 31. Ke1 a5 32. e4 fxe4 33. fxe4 Bb3 34. e5 Nc4 35. Bd5+ Kh8 36. Qc3 Qb1+ 37. Ke2 Qxc2+ 38. Qxc2 Bxc2 39. Bxc4 g6 40. d5 Kg7 41. d6 Kf8 42. e6 Ba4 43. Ke3 Bc6 44. Kd4 b5 0-1


[Site "https://www.chess.com"]

[Event "Titled Tuesday Blitz March 07 Late 2023"]
[White "Nunez V, Gustavo Eduardo"]
[Black "Paszewski, Mateusz"]
[WhiteFideId "4403690"]
[BlackFideId "1141058"]
[WhiteElo "2228"]
[BlackElo "2223"]
[Result "1-0"]
[Round "04"]
[TimeControl "180+2"]
[Date "2023.03.07"]
[WhiteClock "0:00:09"]
[BlackClock "0:00:09"]

1. e4 c5 2. Nc3 Nc6 3. f4 g6 4. Nf3 Bg7 5. Bb5 Nd4 6. O-O Nxb5 7. Nxb5 d5 8. e5 a6 9. Nc3 Bg4 10. h3 Bxf3 11. Qxf3 e6 12. g4 Ne7 13. d3 h5 14. Kg2 Qd7 15. Bd2 Nc6 16. Ne2 O-O-O 17. a4 hxg4 18. hxg4 g5 19. c3 gxf4 20. d4 f6 21. exf6 Bxf6 22. Bxf4 Rdg8 23. Rh1 Rxh1 24. Rxh1 e5 25. dxe5 Bxe5 26. Rh4 Bf6 27. g5 Qe7 28. Rg4 Be5 29. Qxd5 Rd8 30. Qe4 Qd7 31. Bxe5 Nxe5 32. Rg3 Nd3 33. Qc4 Qe7 34. Nf4 Nxf4+ 35. Qxf4 Qe2+ 36. Qf2 Qe4+ 37. Qf3 Rd2+ 38. Kh3 Qh7+ 39. Kg4 Qh2 40. Qf8+ Kc7 41. Qxc5+ Kb8 42. Qe5+ Ka7 43. Qe3+ Ka8 44. g6 Re2 45. g7 Rxe3 46. g8=Q+ Ka7 47. Rxe3 Qg2+ 48. Rg3 Qxb2 49. Qd5 Qe2+ 50. Qf3 Qe6+ 51. Qf5 Qc4+ 52. Qf4 Qe6+ 53. Kf3 Qa2 54. Qd4+ Kb8 55. Rg8+ Kc7 56. Rg7+ Kb8 57. Qd8+ Ka7 58. Qd4+ Kb8 59. Qe5+ Ka7 60. Qc5+ Ka8 61. Qc7 Ka7 62. Qxb7# 1-0


[Site "https://www.chess.com"]

[Event "Titled Tuesday Blitz March 07 Late 2023"]
[White "Rian, Kapriaga"]
[Black "Klose, Eli"]
[WhiteFideId "7103263"]
[BlackFideId "16242955"]
[WhiteElo "2362"]
[BlackElo "2540"]
[Result "0-1"]
[Round "04"]
[TimeControl "180+2"]
[Date "2023.03.07"]
[WhiteClock "0:00:07"]
[BlackClock "0:00:21"]

1. d4 Nf6 2. Nf3 g6 3. Bg5 Bg7 4. Nbd2 d5 5. e3 c6 6. c4 O-O 7. Be2 h6 8. Bh4 Ne4 9. Nxe4 dxe4 10. Nd2 f5 11. Bg3 Be6 12. O-O Bf7 13. b4 a6 14. a4 Nd7 15. Nb3 e5 16. dxe5 Nxe5 17. Qc2 Qe7 18. b5 Qb4 19. bxc6 Nxc6 20. Rab1 Qxa4 21. Bd6 Rfd8 22. Ra1 Bxa1 23. Rxa1 Qxa1+ 24. Nxa1 Rxd6 25. Nb3 a5 26. g4 a4 27. Nc5 a3 28. Qa2 Nb4 29. Qb3 a2 30. Qxb4 a1=Q+ 31. Kg2 b6 32. Nxe4 fxe4 33. Qxd6 Qa5 34. h4 Qc5 35. Qf6 Re8 36. h5 gxh5 37. Qxh6 Re6 38. Qg5+ Qxg5 0-1


[Site "https://www.chess.com"]